 Dungeon Crawl Stone Soup version 0.22-a0-305-gd21a89c (webtiles) character file.

2333 mortelune the Grave Robber (level 9, -14/73 HPs)
             Began as a Deep Dwarf Necromancer on Mar 30, 2018.
             Was a Follower of Makhleb.
             Demolished by an orc warrior
             ... wielding a +0 trident
              (17 damage)
             ... on level 7 of the Dungeon.
             The game lasted 00:44:17 (11289 turns).

mortelune the Grave Robber (DDNe)                  Turns: 11289, Time: 00:44:18

Health: -14/73     AC:  3    Str: 13    XL:     9   Next: 19%
Magic:  15/17      EV: 16    Int: 18    God:    Makhleb [*.....]
Gold:   74         SH:  3    Dex: 22    Spells: 6/18 levels left

rFire    . . .     SeeInvis .   v - +1 halberd (holy)
rCold    . . .     Gourm    .   (shield currently unavailable)
rNeg     . . .     Faith    .   H - +0 ring mail of Veoteom {Dex+7}
rPois    .         Spirit   .   o - +0 helmet
rElec    .         Reflect  +   (no cloak)
rCorr    .         Harm     .   p - +0 pair of gloves
MR       ++...                  (no boots)
Stlth    ++........             z - +3 amulet of reflection
HPRegen  0.00/turn              y - ring of protection from magic
MPRegen  0.15/turn              I - +2 ring of dexterity

@: corroded, non-regenerating
A: damage resistance, heal wounds, sense surroundings 2, no regeneration
a: Heal Wounds, Renounce Religion


You were on level 7 of the Dungeon.
You worshipped Makhleb.
Makhleb was aware of your devotion.
You were hungry.

You visited 2 branches of the dungeon, and saw 8 of its levels.
You also visited: Sewer.

You collected 404 gold pieces.
You spent 330 gold pieces at shops.

Inventory:

Hand Weapons
 b - a +0 spear
 h - a +1 dagger of holy wrath
 k - a +1 dagger of venom
 v - a +1 halberd of holy wrath (weapon)
Armour
 a - a +0 robe
 n - a +2 buckler of protection
 o - a +0 helmet (worn)
 p - a +0 pair of gloves (worn)
 H - the +0 ring mail of Veoteom (worn) {Dex+7}
   (You bought it in a shop on level 6 of the Dungeon)

   It affects your dexterity (+7).
 J - a +0 robe of positive energy
Jewellery
 u - an uncursed ring of wizardry {unknown}
 x - an uncursed amulet of the acrobat
 y - a ring of protection from magic (left hand)
 z - a +3 amulet of reflection (around neck)
 B - an uncursed ring of poison resistance
 I - a +2 ring of dexterity (right hand)
Wands
 j - a wand of digging (13)
 m - a wand of polymorph (25)
Scrolls
 d - a scroll of enchant weapon
 f - 7 scrolls of teleportation
 r - a scroll of enchant armour {unknown}
 s - a scroll of fog {unknown}
 C - a scroll of magic mapping {unknown}
 E - a scroll of fear {unknown}
 G - a scroll of blinking {unknown}
 K - a scroll of summoning {unknown}
Potions
 e - 2 potions of curing
 g - a potion of agility
 i - 5 potions of flight
 l - a potion of lignification
 q - a potion of berserk rage
 t - 4 potions of heal wounds
 w - a potion of brilliance
 D - a potion of might {unknown}
 F - a potion of magic {unknown}
Comestibles
 c - 5 rations


   Skills:
 + Level 2.2 Fighting
 * Level 7.6 Dodging
 - Level 2.4 Stealth
 * Level 3.5 Shields
 + Level 5.4 Spellcasting
 + Level 7.9 Necromancy
 - Level 3.5 Translocations


You had 6 spell levels left.
You knew the following spells:

 Your Spells              Type           Power        Failure   Level  Hunger
a - Pain                  Necr           ####         1%          1    None
b - Animate Skeleton      Necr           N/A          1%          1    None
c - Vampiric Draining     Necr           ####......   3%          3    ##.....
d - Animate Dead          Necr           N/A          11%         4    ####...
e - Blink                 Tloc           N/A          10%         2    #......
f - Magic Dart            Conj           #...         28%         1    None


Dungeon Overview and Level Annotations

Branches:
Dungeon (7/15)             Temple (1/1) D:4

Altars:
Ashenzari
Cheibriados
Dithmenos
Elyvilon
Gozag
Hepliaklqana
Kikubaaqudgha
Makhleb
Okawaru
Ru
Sif Muna
Trog
Uskayaw
Vehumet
Wu Jian
Xom
Yredelemnul
Zin
The Shining One

Shops:
D:4 [   D:6 [

Annotations:
D:5 1 runed door


Innate Abilities, Weirdness & Mutations

You are resistant to damage.
You can heal yourself by infusing magical energy.
You passively map the area around you.
You do not regenerate.


Message History

Attack whom?
Press: ? - help, Dir - move target cursor, f/p - orc warrior
Aim: an orc warrior, wielding a trident and wearing a plate armour (heavily wounded)
You reach to attack!
You hit the orc warrior but do no damage.
The orc warrior is heavily wounded.
The orc warrior zaps a wand.
The bolt of acid hits you!
You are splashed with acid!
The acid burns!
It is a wand of acid (6).
Attack whom?
Press: ? - help, Dir - move target cursor, f/p - orc warrior
Aim: an orc warrior, wielding a trident, wearing a plate armour and carrying a wand of acid (6) (heavily wounded)
You reach to attack!
You hit the orc warrior but do no damage.
The orc warrior is heavily wounded.
The orc warrior zaps a wand.
The bolt of acid hits you!
* * * LOW HITPOINT WARNING * * *
The acid corrodes you!
You are splashed with acid!
The acid burns!
* * * LOW HITPOINT WARNING * * *
The orc warrior hits you from afar with a trident!!
You die...

...<.o#####.##...#
#.# #.#
#.....o.o.†....#
#.# #.#
#####.#####.##...#
#.# #.# , ,...# .#
* #.* #.# #.# *
##..# .# #.#
###.###.# #..# *.#
#.# #.......# #..#
##.####,
#.###.#.#####
#..., ....oo.##
##.##.#.# #### *
## *#@###)....#.#
##.#........#
##.######### ###


You could see an orc warrior and an orc.

Vanquished Creatures
  A hippogriff (D:7)
  An orc warrior (D:6)
  An ice beast (D:7)
  A sky beast (D:5)
  A phantom (D:6)
  2 ogres
  4 big kobolds
  4 bullfrogs
  4 wights (D:6)
  2 crimson imps
  A centaur zombie (D:5)
  A hound (D:6)
  2 orc priests
  An orc wizard (D:3)
  Ijyb (D:5)
  Jessica (D:2)
  An iguana (D:4)
  4 worker ants
  A hound zombie (D:5)
  Robin (D:2)
  12 adders
  5 river rats (Sewer)
  3 oozes
  An adder zombie (D:5)
  A worm (D:2)
  2 dart slugs
  3 leopard geckos
  20 orcs
  7 giant cockroaches
  14 goblins
  9 hobgoblins
  7 jackals
  3 quokkas
  3 ball pythons
  7 bats
  A frilled lizard (D:1)
  18 kobolds
  A leopard gecko zombie (D:6)
  A quokka skeleton (D:6)
  11 rats
164 creatures vanquished.

Vanquished Creatures (collateral kills)
  An ogre (D:6)
  An ice beast (D:5)
  A big kobold (Sewer)
  A howler monkey (D:6)
  An ooze (D:3)
  A worm (D:5)
  A goblin (D:4)
  A hobgoblin (D:3)
  A jackal (D:5)
  2 bats (D:1)
  A rat (D:3)
12 creatures vanquished.

Grand Total: 176 creatures vanquished

Notes
Turn   | Place    | Note
-------+----------+-------------------------------------------
     0 | D:1      | mortelune the Deep Dwarf Necromancer began the quest for the Orb.
     0 | D:1      | Reached XP level 1. HP: 15/15 MP: 3/3
     2 | D:1      | Learned a level 1 spell: Animate Skeleton
   320 | D:1      | Reached XP level 2. HP: 22/22 MP: 3/5
  1023 | D:1      | Reached XP level 3. HP: 21/28 MP: 4/6
  1075 | D:1      | Learned a level 3 spell: Vampiric Draining
  1970 | D:2      | Noticed Robin
  2473 | D:2      | Reached skill level 5 in Necromancy
  2723 | D:3      | Reached XP level 4. HP: 25/36 MP: 0/7
  3395 | D:3      | Reached XP level 5. HP: 39/42 MP: 3/9
  3404 | D:3      | Learned a level 4 spell: Animate Dead
  4052 | D:2      | Noticed Jessica
  4063 | D:2      | Killed Jessica
  4266 | D:2      | Found a deep blue altar of Sif Muna.
  4331 | D:2      | Killed Robin
  4444 | D:2      | Found a snail-covered altar of Cheibriados.
  4693 | D:4      | Noticed a phantom
  4838 | D:4      | Found an iron altar of Okawaru.
  5066 | D:4      | Reached XP level 6. HP: 48/49 MP: 1/11
  5564 | D:4      | Found Mier's Armour Emporium.
  5712 | D:4      | Found an ornate altar of the Wu Jian Council.
  5884 | D:4      | Found a staircase to the Ecumenical Temple.
  5884 | D:4      | Found a burning altar of Makhleb.
  5884 | D:4      | Found a deep blue altar of Sif Muna.
  5885 | D:4      | Found a deep blue altar of Sif Muna.
  5885 | D:4      | Found a radiant altar of Vehumet.
  5891 | Temple   | Entered the Ecumenical Temple
  6622 | D:4      | Found a sacrificial altar of Ru.
  6625 | D:4      | Found a burning altar of Makhleb.
  6630 | D:4      | Became a worshipper of Makhleb the Destroyer
  6634 | D:4      | Found an ancient bone altar of Kikubaaqudgha.
  6848 | D:4      | Found a basalt altar of Yredelemnul.
  6848 | D:4      | Found a glowing silver altar of Zin.
  6849 | D:4      | Found a shimmering altar of Xom.
  6849 | D:4      | Found a hide-covered altar of Uskayaw.
  6849 | D:4      | Found a basalt altar of Yredelemnul.
  6849 | D:4      | Found an opulent altar of Gozag.
  6849 | D:4      | Found a hazy altar of Hepliaklqana.
  6849 | D:4      | Found a burning altar of Makhleb.
  6916 | D:5      | Entered Level 5 of the Dungeon
  7229 | D:5      | Noticed an ice beast
  7238 | D:5      | Killed an ice beast
  7238 | D:5      | Reached skill level 5 in Dodging
  7261 | D:5      | Reached XP level 7. HP: 38/55 MP: 7/12
  7265 | D:5      | Learned a level 2 spell: Blink
  7342 | D:5      | Reached skill level 1 in Translocations
  7976 | D:5      | Noticed Ijyb
  7982 | D:5      | Killed Ijyb
  8365 | D:5      | Found a runed door.
  8522 | D:6      | Found a glowing drain.
  8569 | Sewer    | Entered a sewer
  8734 | Sewer    | Reached XP level 8. HP: 27/62 MP: 6/14
  9440 | Sewer    | Reached * piety under Makhleb
  9556 | D:6      | Learned a level 1 spell: Magic Dart
  9625 | D:6      | Reached skill level 5 in Spellcasting
  9760 | D:6      | Found Doiwn's Antique Armour Emporium.
  9772 | D:6      | Bought a runed buckler for 150 gold pieces
  9772 | D:6      | Bought a dazzling ring mail for 180 gold pieces
  9782 | D:6      | Identified the cursed +0 ring mail of Veoteom {Dex+7} (You bought it in a shop on level 6 of the Dungeon)
  9855 | D:6      | Reached skill level 1 in Fighting
  9855 | D:6      | Reached skill level 1 in Shields
 10180 | D:6      | Found a hide-covered altar of Uskayaw.
 10707 | D:6      | Gained mutation: You passively map the area around you. [Deep Dwarf growth]
 10707 | D:6      | Reached XP level 9. HP: 19/73 MP: 1/17
 11289 | D:7      | HP: 3/73 [acid (12)]
 11289 | D:7      | Demolished by an orc warrior

Vault maps used:
D:1:      dpeg_arrival_subterranean_lakeside_camping, serial_bayou_pond_e,
          minmay_liquid_box
D:2:      lemuel_doored_altar, cheibriados_altar_1, uniq_jessica, uniq_robin
D:3:      first_ration
D:4:      lemuel_round_altar, okawaru_gym_becter, grunt_temple_overflow_diamond,
          temple_doors_ab, serial_shops, shop
D:5:      uniq_ijyb, uniq_crazy_yiuf_cottage
D:6:      old_standard_altar, cheibrodos_sewer_entry_drain, serial_shops,
          shop_statue
D:7:      kennysheep_little_box
Temple:   jpeg_temple_island
Sewer:    sewer_co_15_rooms

Skill      XL: |  1  2  3  4  5  6  7  8  9 |
---------------+----------------------------+-----
Spellcasting   | 2 3 4 5 |  5.4
Dodging        | 3 4 5 7 |  7.6
Necromancy     | 5 6 7 |  7.9
Translocations | 2 3 |  3.5
Fighting       | 1 2 |  2.2
Shields        | 3 |  3.5
Stealth        | |  2.4

Action                   |  1- 3 |  4- 6 |  7- 9 || total
-------------------------+-------+-------+-------++-------
Melee: Spear             |    38 |    22 |       ||    60
       Dagger            |       |    29 |   185 ||   214
       Halberd           |       |       |    78 ||    78
 Cast: Pain              |    78 |    59 |    59 ||   196
       Animate Skeleton  |    17 |     9 |       ||    26
       Vampiric Draining |     9 |    38 |    62 ||   109
       Animate Dead      |       |    15 |    14 ||    29
 Abil: Heal Wounds       |       |       |     1 ||     1
  Use: Scroll            |       |     6 |     8 ||    14
       Potion            |       |       |     1 ||     1
 Stab: Sleeping          |       |       |     1 ||     1
  Eat: Chunk             |     7 |    15 |     3 ||    25
       Ration            |       |     2 |     5 ||     7
Armor: Robe              |    21 |    17 |    31 ||    69
       Ring mail         |       |       |    25 ||    25
Dodge: Dodged            |    56 |    62 |   190 ||   308
Block: Buckler           |       |       |    55 ||    55
       Other             |       |       |     2 ||     2

Table legend:
 A = Spawn XP
 B = Non-spawn XP
 C = Spawn XP percentage of total XP
 D = Spawn monster count
 E = Non-spawn monster count
 F = Spawn count percentage of total count
 G = Total turns spent on level
                    A         B        C        D         E        F      G
               +---------+---------+-------+---------+---------+-------+---------
         Total |       0 |    3334 |   0.0 |       0 |     176 |   0.0 | 11289
               +---------+---------+-------+---------+---------+-------+---------
           D:1 |       0 |      54 |   0.0 |       0 |      33 |   0.0 |  1704
           D:2 |       0 |      92 |   0.0 |       0 |      20 |   0.0 |  1392
           D:3 |       0 |     186 |   0.0 |       0 |      29 |   0.0 |  1703
           D:4 |       0 |     280 |   0.0 |       0 |      17 |   0.0 |  1870
           D:5 |       0 |     530 |   0.0 |       0 |      20 |   0.0 |  1494
           D:6 |       0 |    1001 |   0.0 |       0 |      25 |   0.0 |  1258
           D:7 |       0 |     687 |   0.0 |       0 |      13 |   0.0 |   657
         Sewer |       0 |     504 |   0.0 |       0 |      19 |   0.0 |   964
               +---------+---------+-------+---------+---------+-------+---------
